 Dungeon Crawl Stone Soup version 0.28.0-43-g3370ac3207 (webtiles) character file.

Game seed: 1918230866538851718

244 pkoi the Insei (level 5, -8/45 HPs)
             Began as a Demigod Gladiator on Mar 24, 2022.
             Mangled by Sigmund
             ... wielding a +0 scythe
              (10 damage)
             ... on level 4 of the Dungeon.
             The game lasted 00:05:28 (4368 turns).

pkoi the Insei (Demigod Gladiator)                  Turns: 4368, Time: 00:05:29

Health: -8/45      AC:  3    Str: 15    XL:     5   Next: 52%
Magic:  7/7        EV: 14    Int: 14    God:
Gold:   82         SH:  0    Dex: 21    Spells: 4/4 levels left

rFire   . . .      SeeInvis .     - Unarmed
rCold   + . .      Faith    .   (no shield)
rNeg    . . .      Spirit   .   k - +0 robe "Jukk" {rC+ Will- Slay+2}
rPois   .          Reflect  .   b - +0 helmet
rElec   .          Harm     .   (no cloak)
rCorr   .          Rampage  .   (no gloves)
Will    .....                   (no boots)
Stlth   +.........              (no amulet)
HPRegen 0.15/turn               p - ring of flight
MPRegen 0.10/turn               i - +6 ring of dexterity

@: confused, flying
A: high MP 1, forlorn, divine attributes
a: no special abilities


You were on level 4 of the Dungeon.
You visited 1 branch of the dungeon, and saw 4 of its levels.

You collected 190 gold pieces.
You spent 108 gold pieces at shops.

Inventory:

Hand Weapons
 h - a +1 dagger of holy wrath
 n - a +0 dagger
Missiles
 c - 3 throwing nets (quivered)
 e - 2 poisoned darts
Armour
 a - a +0 leather armour
 b - a +0 helmet (worn)
 k - the +0 robe "Jukk" (worn) {rC+ Will- Slay+2}
   (You took it off a kobold on level 2 of the Dungeon)

   Slay:      It affects your accuracy & damage with ranged weapons and melee
   (+2).
   rC:        It protects you from cold.
   Will:      It decreases your willpower.
Jewellery
 i - a +6 ring of dexterity (right hand)
 p - a ring of flight (left hand)
Wands
 m - a wand of acid (7)
Scrolls
 d - 2 scrolls of magic mapping
 f - 3 scrolls of amnesia
Potions
 g - a potion of lignification
 j - a potion of flight


   Skills:
 + Level 3.1 Fighting
 - Level 1.7 Throwing
 - Level 1.1 Armour
 + Level 3.2 Dodging
 * Level 4.8 Unarmed Combat


You had 4 spell levels left.
You didn't know any spells.
Your spell library contained the following spells:

 Spells                   Type           Power      Damage    Failure   Level
 Ignite Poison            Fire/Tmut/Pois 0%         N/A       65%         3
 Mephitic Cloud           Conj/Pois/Air  0%         N/A       65%         3
 Freezing Cloud           Conj/Ice/Air   0%         6-21      100%        5


Dungeon Overview and Level Annotations

Branches:
Dungeon (4/15)             Temple (0/1) D:4

Shops:
D:4 !

Annotations:
D:4 Sigmund


Innate Abilities, Weirdness & Mutations

You have an increased reservoir of magic. (+10% MP)
You shall have no god before yourself.
Your divine heritage dramatically boosts your attributes as you level up.


Message History

* * * LOW HITPOINT WARNING * * *
You feel less confused.
You hear some strange, mumbled words.
A puff of flame appears from out of thin air!
The puff of flame misses you.
There is a fountain of clear blue water here.
Aiming: Corrosive Bolt
Press: ? - help, Shift-Dir - straight line, f - you You are engulfed in a cloud of scalding steam.
* * * LOW HITPOINT WARNING * * *
Something hits you.
* * * LOW HITPOINT WARNING * * *
Unknown command.
You are engulfed in a cloud of scalding steam.
* * * LOW HITPOINT WARNING * * *
You hear some strange, mumbled words.
A magic dart appears from out of thin air!
The magic dart hits you!
* * * LOW HITPOINT WARNING * * *
Really fly into that cloud of steam? [Y]es or [N]o only, please.
Really fly into that cloud of steam?
Okay, then.
Aiming: Corrosive Bolt
Press: ? - help, Shift-Dir - straight line, f - you Something hits you but does no damage.
Unknown command.
Aiming: Corrosive Bolt
Press: ? - help, Shift-Dir - straight line, f - you Unknown command.
Aiming: Corrosive Bolt
Press: ? - help, Shift-Dir - straight line, f - you
Okay, then.
You hear some strange, mumbled words.
You are confused.
You hear some strange, mumbled words.
You are more confused.
There is a fountain of clear blue water here.
Something hits you!
You die...

.##...##...# ..##
##...##...### #..#
.............####''####
....>......###≈≈≈..≈≈≈#
(..........# #≈≈≈..≈≈≈#
.##...##.#.###≈≈....≈≈#
.##...##...#.'....⌠...+
..........'.).⌠....+
#######..##≈≈@...≈≈#
#...#≈≈≈..≈≈≈#
#.#.#≈≈≈..≈≈≈#
#...####''#### ##...
#..# .... ..## #...####


There were no monsters in sight!

Vanquished Creatures
  2 jellies (D:4)
  Natasha (twice) (D:3)
  An iguana (D:4)
  An adder (D:4)
  2 ufetubi (D:4)
  3 worms
  An adder skeleton (D:4)
  8 dart slugs
  4 ball pythons
  4 endoplasms
  4 giant cockroaches
  7 goblins
  3 hobgoblins
  2 jackals (D:4)
  7 kobolds
  7 quokkas
  3 bats
  3 frilled lizards
  4 rats
68 creatures vanquished.

Notes
Turn   | Place    | Note
-------+----------+-------------------------------------------
     0 | D:1      | pkoi the Demigod Gladiator began the quest for the Orb.
     0 | D:1      | Reached XP level 1. HP: 17/17 MP: 3/3
   342 | D:1      | Reached XP level 2. HP: 18/24 MP: 4/4
   421 | D:1      | Reached skill level 3 in Unarmed Combat
  1092 | D:2      | Identified the +0 robe "Jukk" {rC+ Will- Slay+2}
  1124 | D:2      | Reached skill level 1 in Armour
  1125 | D:2      | Reached XP level 3. HP: 29/29 MP: 5/5
  1297 | D:2      | Identified the +3 whip "Ewasmir" {vorpal, +Blink Will-
                  | Dex+2}
  2546 | D:4      | Noticed Natasha
  2547 | D:4      | Noticed Sigmund
  2564 | D:3      | Killed Natasha
  2565 | D:3      | Reached XP level 4. HP: 9/37 MP: 6/6
  2804 | D:4      | HP: 1/37 [iguana (13)]
  2808 | D:4      | Reached skill level 4 in Unarmed Combat
  3016 | D:3      | Noticed Natasha
  3033 | D:3      | Killed Natasha
  3388 | D:4      | Reached XP level 5. HP: 15/45 MP: 7/7
  4166 | D:4      | Found Marom's Distillery.
  4174 | D:4      | Bought a potion of degeneration for 12 gold pieces
  4174 | D:4      | Bought a potion of mutation for 96 gold pieces
  4244 | D:4      | Found a staircase to the Ecumenical Temple.
  4361 | D:4      | HP: 1/45 [something/magic dart (9)]
  4368 | D:4      | Mangled by Sigmund

Illustrated notes

Levels and vault maps discovered:
D:1:      dpeg_arrival_more_subterranean_lakeside_camping, layout_basic,
          minmay_close_crescents
D:2:      layout_rooms, nicolae_ecumenical_oubliette, minivault_27
D:3:      kennysheep_slugbush, layout_loops_ring, minmay_fountain_box,
          minivault_14
D:4:      layout_basic, minmay_temple_entry_stoned_glass, serial_shops, shop,
          eino_tiny_chamber, kennysheep_generic_room_4, uniq_sigmund,
          uniq_natasha

Skill      XL: |  1  2  3  4 |
---------------+-------------+-----
Fighting       | 2 3 |  3.1
Unarmed Combat | 3 4 |  4.8
Armour         | 1 |  1.1
Dodging        | 3 |  3.2
Throwing       | |  1.7

Action                   |  1- 3 |  4- 6 || total
-------------------------+-------+-------++-------
Melee: Unarmed           |   182 |    79 ||   261
       Punch             |     4 |     1 ||     5
Evoke: Wand              |       |     4 ||     4
  Use: Potion            |     8 |     1 ||     9
       Scroll            |     5 |       ||     5
 Stab: Sleeping          |     1 |     3 ||     4
       Distracted        |     1 |       ||     1
Armor: Leather armour    |    29 |       ||    29
       Skin              |     1 |       ||     1
       Robe              |    14 |    15 ||    29
Dodge: Dodged            |   114 |    37 ||   151
